 Dungeon Crawl Stone Soup version 0.29-a0-504-gec6baf379c (webtiles) character file.

Game seed: 404679511622657179

508 Colgate the Covert (level 7, -11/40 (43) HPs)
             Began as a Kobold Brigand on May 28, 2022.
             Was an Initiate of Ashenzari.
             Mangled by a wight
             ... wielding a +1 scimitar
              (16 damage)
             ... on level 4 of the Dungeon.
             The game lasted 00:10:08 (2935 turns).

Colgate the Covert (Kobold Brigand)                 Turns: 2935, Time: 00:10:09

HP:   -11/40 (43)   AC:  5    Str:  9    XL:     7   Next: 42%
MP:   9/9           EV: 15    Int: 12    God:    Ashenzari [......]
Gold: 164           SH:  0    Dex: 18    Spells: 7/9 levels left

rFire   . . .      SeeInvis .   a - +2 dagger
rCold   . . .      Faith    .   (no shield)
rNeg    . . .      Spirit   .   b - +0 robe
rPois   .          Reflect  .   r - +0 helmet "Augurer of Ashenzari" {Range, Cun} (curse)
rElec   .          Harm     .   n - +1 cloak
rCorr   .          Rampage  .   (no gloves)
Will    .....                   (no boots)
Stlth   +++++.....              (no amulet)
HPRegen 0.13/turn               (no ring)
MPRegen 0.11/turn               (no ring)

@: drained
A: small, no large weapons, nightstalker 3
a: Renounce Religion, Shatter the Chains


You were on level 4 of the Dungeon.
You worshipped Ashenzari.
Ashenzari was noncommittal.
You visited 1 branch of the dungeon, and saw 4 of its levels.

You collected 164 gold pieces.

Inventory:

Hand Weapons
 a - a +2 dagger (weapon)
Missiles
 c - 4 boomerangs
 d - 17 poisoned darts (quivered)
 e - 2 curare-tipped darts
Armour
 b - a +0 robe (worn)
 n - a +1 cloak (worn)
 r - the cursed +0 helmet "Augurer of Ashenzari" (worn) {Range, Cun}
   (You found it on level 2 of the Dungeon)

   It has a curse which improves the following skills: Ranged Combat: Slings,
   Bows, Crossbows and Throwing.
   Cunning:   Dodging and Stealth.
Magical Staves
 h - a staff of air
 p - a staff of cold
Wands
 u - a wand of flame (13)
Scrolls
 i - a scroll of fog {unknown}
 l - a scroll of enchant weapon {unknown}
 m - a scroll of amnesia {unknown}
 o - a scroll of fear {unknown}
 s - 2 scrolls of identify {unknown}
 t - a scroll of noise {unknown}
 w - a scroll of blinking {unknown}
Potions
 f - 3 potions of curing {unknown}
 g - a potion of haste {unknown}
 j - a potion of cancellation {unknown}
 k - 2 potions of degeneration {unknown}
 q - a potion of flight {unknown}
 v - a potion of heal wounds {@q2}


   Skills:
 - Level 4.2 Fighting
 - Level 4.2 Short Blades
 - Level 2.1(2.5) Throwing
 + Level 2.1(2.5) Dodging
 - Level 8.1(8.5) Stealth
 - Level 1.6 Spellcasting
 - Level 3.0 Translocations


You had 7 spell levels left.
You knew the following spells:

 Your Spells              Type           Power      Damage    Failure   Level
a - Blink                 Tloc           16%        N/A       12%         2

Your spell library contained the following spells:

 Spells                   Type           Power      Damage    Failure   Level
 Lesser Beckoning         Tloc           8%         N/A       24%         3
 Manifold Assault         Tloc           8%         N/A       92%         5


Dungeon Overview and Level Annotations

Branches:
Dungeon (4/15)
 Temple: D:4-7

Altars:
Ashenzari


Innate Abilities, Weirdness & Mutations

You are small and have problems with some larger weapons.
You are completely attuned to the shadows.


Message History

The quokka bites you but does no damage.
You hit the wight but do no damage. The quokka misses you.
The wight completely misses you.
You closely miss the wight.
The quokka bites you but does no damage.
You hit the wight but do no damage. The wight barely misses you.
The quokka closely misses you.
You hit the wight but do no damage. The wight closely misses you.
The quokka barely misses you.
You hit the wight but do no damage. The wight hits you with a +1 scimitar!
You feel drained. The quokka completely misses you.
You hit the wight. The wight closely misses you.
You hit the wight but do no damage. The quokka misses you.
You barely miss the wight. The quokka misses you. The wight misses you.
You closely miss the wight. The quokka bites you.
The wight hits you with a +1 scimitar.
You hit the wight. Your punch misses the wight.
The quokka bites you but does no damage.
The wight hits you but does no damage.
You hit the wight. The quokka barely misses you. The wight barely misses you.
You hit the wight but do no damage. The quokka closely misses you.
You hit the wight. Your punch misses the wight.
The quokka bites you but does no damage.
The wight barely misses you.
You hit the wight but do no damage. The quokka barely misses you.
The wight hits you with a +1 scimitar!
* * * LOW HITPOINT WARNING * * *
You feel drained.
* * * LOW HITPOINT WARNING * * *
You hit the wight. The quokka misses you. The wight closely misses you.
You closely miss the wight.
The quokka bites you but does no damage.
The wight barely misses you.
You barely miss the wight. The quokka barely misses you.
You hit the wight. The wight misses you. The quokka closely misses you.
You hit the wight but do no damage. The quokka misses you.
The wight closely misses you.
You hit the wight. The quokka barely misses you.
The wight hits you with a +1 scimitar!
You die...

#.#
#############.#
#.............#
##.############
#.#### #.<..#
####.#########
#.......).#.
#......@z...
#.#....>r.##
......)....#
##.....)...#
#.........#
#..J......#
.........


You could see a wight and a quokka.

Vanquished Creatures
  Edmund (D:4)
  4 wights (D:4)
  Natasha (thrice) (D:2)
  An orc wizard (D:3)
  4 adders
  A gnoll (D:1)
  A worm (D:2)
  3 dart slugs
  2 orcs (D:3)
  4 endoplasms
  A giant cockroach (D:3)
  A goblin (D:1)
  3 hobgoblins (D:1)
  4 quokkas
  2 ball pythons (D:1)
  6 bats
  3 frilled lizards
  4 kobolds
  2 rats
50 creatures vanquished.

Notes
Turn   | Place    | Note
-------+----------+-------------------------------------------
     0 | D:1      | Colgate the Kobold Brigand began the quest for the Orb.
     0 | D:1      | Reached XP level 1. HP: 12/12 MP: 1/1
   192 | D:1      | Reached XP level 2. HP: 17/17 MP: 2/2
   487 | D:1      | Reached XP level 3. HP: 22/22 MP: 3/3
  1514 | D:2      | Reached XP level 4. HP: 28/28 MP: 4/4
  1538 | D:2      | Reached skill level 6 in Stealth
  1566 | D:2      | Found a faded altar of an unknown god.
  1567 | D:2      | Noticed Natasha
  1571 | D:2      | Prayed at the altar of an unknown god.
  1571 | D:2      | Became a worshipper of Ashenzari the Shackled
  1582 | D:2      | Killed Natasha
  1583 | D:2      | Reached skill level 1 in Translocations
  1894 | D:2      | Noticed Natasha
  1941 | D:2      | Killed Natasha
  1942 | D:2      | Reached XP level 5. HP: 32/32 MP: 5/5
  1945 | D:2      | Learned a level 2 spell: Blink
  2067 | D:2      | Noticed Natasha
  2076 | D:2      | Killed Natasha
  2362 | D:2      | Found a broken altar of Ashenzari.
  2783 | D:3      | You fall into a shaft and drop 1 floor!
  2796 | D:4      | Noticed Edmund
  2814 | D:4      | Killed Edmund
  2815 | D:4      | Reached skill level 7 in Stealth
  2815 | D:4      | Reached XP level 6. HP: 37/37 MP: 6/6
  2902 | D:4      | Reached skill level 1 in Spellcasting
  2904 | D:4      | Reached XP level 7. HP: 42/42 MP: 6/9
  2908 | D:4      | Reached skill level 8 in Stealth
  2935 | D:4      | Mangled by a wight

Illustrated notes

Levels and vault maps discovered:
D:1:      dreamdust_arrival_sigmund_warning, layout_loops_cross
D:2:      layout_rooms, shapermc_ecumenical_altar_starsandcircs, uniq_natasha
D:3:      layout_basic, ebering_ghost_sewer_f, chequers_avenue,
          solitary_fountain, kennysheep_cross_bottleneck
D:4:      layout_basic, nicolae_ru_great_annihilating_truth,
          gup_sewer_entry_spiral, uniq_edmund

Skill      XL: |  1  2  3  4  5  6  7 |
---------------+----------------------+-----
Short Blades   | 3 4 |  4.2
Fighting       | 3 4 |  4.2
Stealth        | 6 7 8 |  8.1
Translocations | 2 3 |  3.0
Dodging        | 2 |  2.1
Spellcasting   | 1 |  1.6
Throwing       | |  2.1

Action                   |  1- 3 |  4- 6 |  7- 9 || total
-------------------------+-------+-------+-------++-------
Melee: Dagger            |    77 |    49 |    30 ||   156
Throw: Dart              |       |    13 |       ||    13
       Boomerang         |       |     2 |       ||     2
Invok: Curse Item        |       |     1 |       ||     1
 Stab: Sleeping          |    10 |    14 |     2 ||    26
       Distracted        |     1 |       |       ||     1
Armor: Robe              |    11 |     9 |     6 ||    26
Dodge: Dodged            |    31 |    11 |    36 ||    78

Table legend: (Time is in decaauts)
 A = Elapsed time spent in this place.
 B = Non-inter-level travel time spent in this place.
 C = Inter-level travel time spent in this place.
 D = Time resting spent in this place.
 E = Time spent auto-exploring this place.
 F = Levels seen in this place.
 G = Mean time per level.
                   A        B        C        D        E       F      G
               +--------+--------+--------+--------+--------+-----+--------+
         Total |   2913 |   2881 |     32 |      0 |   2464 |   4 |  728.2 |
       Dungeon |   2913 |   2881 |     32 |      0 |   2464 |   4 |  728.2 |
               +--------+--------+--------+--------+--------+-----+--------+

Top non-repeatable levels by time:
     D:2: 1612 daAuts
     D:1: 925 daAuts
     D:3: 232 daAuts
     D:4: 143 daAuts
